 Dungeon Crawl Stone Soup version 0.30.0-30-g96aa6591b8 (webtiles) character file.

Game seed: 9551878571108113966

78 Pepete the Conjurer (level 4, -3/30 HPs)
             Began as a Human Conjurer on June 30, 2023.
             Slain by a gnoll
             ... wielding a +0 club
              (7 damage)
             ... on level 1 of the Dungeon.
             The game lasted 00:03:45 (3929 turns).

Pepete the Conjurer (Human Conjurer)                Turns: 3929, Time: 00:03:47

Health: -3/30      AC:  2    Str:  7    XL:     4   Next: 61%
Magic:  7/8        EV: 12    Int: 20    God:
Gold:   87         SH:  0    Dex: 12    Spells: 6/8 levels left

rFire   . . .        (no weapon)
rCold   . . .        (no shield)
rNeg    . . .        a - +0 robe
rPois   .            (no helmet)
rElec   .            (no cloak)
rCorr   .            (no gloves)
SInv    .            (no boots)
Will    +....        c - amulet of faith
Stlth   ++           k - ring of willpower
HPRegen 0.25/turn    (no ring)
MPRegen 0.11/turn

%: faith
@: no status effects
A: no striking features
a: no special abilities


You were on level 1 of the Dungeon.
You visited 1 branch of the dungeon, and saw 2 of its levels.

You collected 87 gold pieces.

Inventory:

Armour
 a - a +0 robe (worn)
 e - a +0 tower shield
Jewellery
 c - an amulet of faith (around neck)
 k - a ring of willpower (left hand)
Scrolls
 h - a scroll of teleportation
 j - a scroll of fear
Potions
 f - a potion of invisibility


   Skills:
 + Level 1.0 Armour
 - Level 2.1 Dodging
 - Level 2.0 Stealth
 * Level 2.8 Spellcasting
 * Level 4.5 Conjurations
 * Level 1.6 Summonings


You had 6 spell levels left.
You knew the following spells:

 Your Spells              Type           Power      Damage    Failure   Level
a - Magic Dart            Conj           84%        1d7       2%          1
b - Summon Small Mammal   Summ           36%        N/A       8%          1

Your spell library contained the following spells:

 Spells                   Type           Power      Damage    Failure   Level
 Searing Ray              Conj           42%        2d6       3%          2
 Dazzling Flash           Conj/Hex       22%        N/A       17%         3
 Call Canine Familiar     Summ           9%         N/A       22%         3
 Summon Guardian Golem    Hex/Summ       6%         N/A       30%         3
 Fulminant Prism          Conj/Hex       5%         3d7       50%         4
 Iskenderun's Mystic Bla  Conj/Tloc      11%        2d4       50%         4


Dungeon Overview and Level Annotations

Branches:
Dungeon (2/15)

Altars:


Message History

You are very lightly contaminated with residual magic.
Nothing appears to happen.
The gnoll barely misses you.
The magic dart hits the gnoll.
The gnoll is almost dead.
The gnoll hits you with a +0 club.
You are out of magic!
The gnoll hits you with a +0 club!
You climb upwards.
There is a stone staircase leading down here.
The gnoll attacks as you move away! The gnoll barely misses you.
The gnoll attacks as you move away! The gnoll hits you with a +0 club.
Your magical contamination has completely faded away.
The gnoll attacks as you move away! The gnoll hits you with a +0 club.
There is an open door here.
The gnoll attacks as you move away! The gnoll closely misses you.
The gnoll attacks as you move away! The gnoll hits you with a +0 club.
* * * LOW HITPOINT WARNING * * *
Casting: Magic Dart (safe; 2% risk of failure)
Confirm with . or Enter, or press ? or * to list all spells.
Aiming: Magic Dart (safe; 2% risk of failure)
Press: ? - help, Shift-Dir - straight line, f - gnoll
Aim: a gnoll, wielding a +0 club (almost dead, 100% to hit)
The magic dart hits the gnoll.
The gnoll is almost dead.
The gnoll misses you.
Casting: Magic Dart (safe; 2% risk of failure)
Confirm with . or Enter, or press ? or * to list all spells.
You don't have enough magic to cast this spell.
Unknown command.
Magic courses through your body. The gnoll hits you with a +0 club.
* * * LOW HITPOINT WARNING * * *
Casting: Magic Dart (safe; 2% risk of failure)
Confirm with . or Enter, or press ? or * to list all spells.
Aiming: Magic Dart (safe; 2% risk of failure)
Press: ? - help, Shift-Dir - straight line, f/p - gnoll
Aim: a gnoll, wielding a +0 club (almost dead, 100% to hit)
The magic dart hits the gnoll but does no damage.
The gnoll is almost dead.
The gnoll hits you with a +0 club!
You die...

#.# ##'## ###........ ##.#
##...## #........ #..##
##.)...## #.###.### #.#.##
##.......## #.....# #
#....####.........####...#####
#....?..'........)'...........
##...####.........####...#####
##..# ##..[....## #........
##)# ##..@..## ###.#####
#.#######.g.#########.#
#......###'#.......##.#
#.[###.# #.#.....#.##.# #..#
#.# #.#.....#.##.#
#..###.###.#..........#
#..#...).........#.####
#....#.#..>......#.#
##.....##....#####.#


You could see a gnoll.

Vanquished Creatures
  An orc priest (D:2)
  2 adders (D:2)
  A ball python (D:1)
  2 endoplasms (D:1)
  2 giant cockroaches
  5 goblins
  3 hobgoblins
  2 kobolds (D:1)
  4 quokkas (D:1)
  2 bats (D:2)
  A frilled lizard (D:1)
  2 rats
27 creatures vanquished.

Notes
Turn   | Place    | Note
-------+----------+-------------------------------------------
     0 | D:1      | Pepete the Human Conjurer began the quest for the Orb.
     0 | D:1      | Reached XP level 1. HP: 13/13 MP: 3/3
   486 | D:1      | Reached XP level 2. HP: 19/19 MP: 0/5
   869 | D:1      | Learned a level 1 spell: Summon Small Mammal
  2523 | D:2      | Reached XP level 3. HP: 24/24 MP: 2/6
  3489 | D:2      | Reached skill level 1 in Summonings
  3723 | D:2      | Reached skill level 1 in Armour
  3723 | D:2      | Reached XP level 4. HP: 30/30 MP: 1/8
  3929 | D:1      | Slain by a gnoll

Illustrated notes

Levels and vault maps discovered:
D:1:      matt_arrival_refuge, layout_loops_corners
D:2:      layout_loops_cross, serial_shops, nicolae_shop_peninsula,
          serial_co_window_serial, co_window_of_opportunity_a,
          co_window_corner_a, co_window_of_opportunity_a, co_window_corner_a,
          co_window_corner_a, co_window_2corner, co_window_2corner,
          co_window_broadway_b, co_window_corner_ca, co_window_unsneaky_path_d,
          glass_columns_c, glass_columns_a, glass_columns_a, glass_columns_b

Skill      XL: |  1  2  3 |
---------------+----------+-----
Summonings     | 1 |  1.6
Armour         | 1 |  1.0
Dodging        | |  2.1
Stealth        | |  2.0
Spellcasting   | |  2.8
Conjurations   | |  4.5

Action                     |  1- 3 |  4- 6 || total
---------------------------+-------+-------++-------
   Cast: Magic Dart        |    61 |    11 ||    72
         Summon Small Mamm |     1 |       ||     1
    Use: Scroll            |     3 |       ||     3
         Potion            |     2 |     1 ||     3
 Armour: Robe              |     8 |       ||     8
  Dodge: Dodged            |    11 |     6 ||    17
